 Dungeon Crawl Stone Soup version 0.18-a0-1376-g7441944 (webtiles) character file.

79 Grap the Sneak (level 4, -1/23 HPs)
             Began as a Vine Stalker Assassin on Feb 20, 2016.
             Slain by an adder (2 damage)
             ... on level 3 of the Dungeon on Feb 21, 2016.
             The game lasted 00:06:07 (1326 turns).

Grap the Sneak (Vine Stalker Assassin)              Turns: 1326, Time: 00:06:07

Health: -1/23      AC:  4    Str: 14    XL:     4   Next: 38%
Magic:  0/5        EV: 11    Int: 11    God:
Gold:   72         SH:  0    Dex: 16    Spells: 0 memorised, 3 levels left

rFire  . . .     SeeInvis .     a - +2 dagger
rCold  . . .     Gourm    .     c - +0 robe
rNeg   . . .     Faith    .     (no shield)
rPois  .         Spirit   +     (no helmet)
rElec  .         Dismiss  .     d - +0 cloak
rCorr  .         Reflect  .     (no gloves)
SustAt .         Harm     .     l - +0 pair of boots
MR     .....                    (no amulet)
Stlth  +++.......               (no ring)
                                (no ring)

@: not resistant to hostile enchantments, fairly stealthy
A: fangs 2, regeneration 1, magic shield, antimagic bite, no device heal 3, rot
immunity
a: no special abilities


You were on level 3 of the Dungeon.
You were not hungry.

You visited 1 branch of the dungeon, and saw 3 of its levels.

You collected 72 gold pieces.

Inventory:

Hand Weapons
 a - a +2 dagger (weapon)
 b - a +0 blowgun
Missiles
 e - 43 poisoned needles
 f - 2 curare-tipped needles
 o - 16 stones (quivered)
Armour
 c - a +0 robe (worn)
 d - a +0 cloak (worn)
 l - a +0 pair of boots (worn)
Jewellery
 i - a +3 ring of strength {unknown}
 m - an uncursed amulet of dismissal {unknown}
Scrolls
 j - 6 scrolls of identify {unknown}
Potions
 h - 2 potions of heal wounds {unknown}
 n - a potion of ambrosia {unknown}
 p - a potion of cancellation {unknown}
 r - 2 potions of magic {unknown}
 s - 2 potions of berserk rage {unknown}
Comestibles
 g - 2 bread rations
 k - 2 meat rations
 q - 4 chunks of flesh


   Skills:
 - Level 1.7 Fighting
 + Level 4.0 Short Blades
 - Level 1.7 Throwing
 - Level 0.7 Dodging
 - Level 4.8 Stealth


You had 3 spell levels left.
You didn't know any spells.

Dungeon Overview and Level Annotations

Branches:
Dungeon (3/15)

Altars:
Cheibriados
Kikubaaqudgha


Innate Abilities, Weirdness & Mutations

You have extremely sharp teeth.
Your natural rate of healing is unusually fast.
When hurt, damage is shared between your health and your magic reserves.
Your bite disrupts and absorbs the magic of your enemies.
Potions and wands cannot restore your health.
You are immune to rotting.


Message History

You feel invigorated.
The giant frog is heavily wounded.
The giant frog hits you!
* * * LOW HITPOINT WARNING * * *
The adder closely misses you.
You are too injured to fight recklessly!
You are too injured to fight recklessly!
You are too injured to fight recklessly!
You are too injured to fight recklessly!
The giant frog hits you.
* * * LOW HITPOINT WARNING * * *
You are too injured to fight recklessly!
You are too injured to fight recklessly!
The adder bites you.
* * * LOW HITPOINT WARNING * * *
The giant frog barely misses you. The giant frog hits you.
* * * LOW HITPOINT WARNING * * *
The adder bites you.
You die...

#.#.#....
#......# ##.##..#
#......###
#........#
.####.....#......
.......#..####...
...#..SF..# ..
##.###.@..# .
#......#.#
###...>..#
#.######
###########
#.####
#.........#
#....##
#.........#
##...รท.#
#.........##
#......#
#.........#.
###......#
#...........


You could see a giant frog and an adder.

Vanquished Creatures
  A gnoll (D:1)
  3 adders (D:2)
  5 bats
  6 giant cockroaches
  6 goblins
  5 hobgoblins
  9 kobolds
  A quokka (D:2)
  3 rats
39 creatures vanquished.

Notes
Turn   | Place    | Note
--------------------------------------------------------------
     0 | D:1      | Grap the Vine Stalker Assassin began the quest for the Orb.
     0 | D:1      | Reached XP level 1. HP: 11/11 MP: 2/2
   177 | D:1      | Reached XP level 2. HP: 9/15 MP: 1/3
   499 | D:1      | Reached XP level 3. HP: 18/18 MP: 4/4
   742 | D:2      | Found a snail-covered altar of Cheibriados.
   893 | D:2      | Upgraded the game from 0.18-a0-1354-gbc5753f to 0.18-a0-1376-g7441944
   991 | D:2      | Reached XP level 4. HP: 21/23 MP: 2/5
  1001 | D:2      | Found an ancient bone altar of Kikubaaqudgha.
  1312 | D:3      | Noticed a giant frog
  1326 | D:3      | HP: 1/23 [giant frog (2)]
  1326 | D:3      | Slain by an adder

Vault maps used:
D:1:      mushboom_english_gardens
D:2:      nicolae_overflow_crystal_walls, cheibriados_altar_1,
          small_statue_intersection
D:3:      marbit_many_paths, uniq_natasha

Action                   |  1- 3 |  4- 6 || total
-------------------------+-------+-------++-------
Melee: Dagger            |    90 |    26 ||   116
 Fire: Blowgun           |     4 |       ||     4
Throw: Stone             |     2 |       ||     2
 Stab: Sleeping          |     4 |     3 ||     7
  Eat: Chunk             |       |     1 ||     1
